 Dungeon Crawl Stone Soup version 0.28.0-45-g0d030f2227 (webtiles) character file.

Game seed: 6968918550586880126

447 Kenran the Ruffian (level 6, -2/51 HPs)
             Began as a Palentonga Monk on Apr 24, 2022.
             Was a Follower of Uskayaw.
             Slain by a scorpion (7 damage)
             ... on level 5 of the Dungeon.
             The game lasted 00:12:16 (5548 turns).

Kenran the Ruffian (Palentonga Monk)                Turns: 5548, Time: 00:12:16

Health: -2/51      AC:  5    Str: 22    XL:     6   Next: 73%
Magic:  6/6        EV:  8    Int: 11    God:    Uskayaw [*.....]
Gold:   81         SH:  7    Dex: 12    Spells: 5/5 levels left

rFire   + . .      SeeInvis +     - Unarmed
rCold   . . .      Faith    .   e - +0 kite shield
rNeg    . . .      Spirit   .   c - +0 ring mail
rPois   .          Reflect  .   (no helmet)
rElec   .          Harm     .   n - scarf {repulsion}
rCorr   .          Rampage  .   (no gloves)
Will    .....                   (no barding)
Stlth   +.........              (no amulet)
HPRegen 0.17/turn               b - ring of protection from fire
MPRegen 0.10/turn               q - +6 ring of strength

@: repel missiles
A: large, rugged brown scales 3, see invisible, deformed body, roll 1, armoured
tail
a: Rolling Charge, Renounce Religion, Stomp


You were on level 5 of the Dungeon.
You worshipped Uskayaw.
Uskayaw was noncommittal.
You visited 2 branches of the dungeon, and saw 6 of its levels.

You collected 123 gold pieces.
You spent 42 gold pieces at shops.

Inventory:

Armour
 c - a +0 ring mail (worn)
 e - a +0 kite shield (worn)
 n - a scarf of repulsion (worn)
Jewellery
 b - a ring of protection from fire (left hand)
 i - a +6 ring of dexterity
 q - a +6 ring of strength (right hand)
Wands
 r - a wand of paralysis (10)
Scrolls
 a - 3 scrolls of teleportation
 d - a scroll of amnesia
 f - 3 scrolls of identify
 g - a scroll of enchant armour {unknown}
 h - a scroll of enchant weapon {unknown}
 m - 2 scrolls of fog {unknown}
 p - a scroll of magic mapping {unknown}
Potions
 j - 5 potions of heal wounds
 k - 2 potions of berserk rage
 l - a potion of resistance {unknown}
 o - 2 potions of brilliance {unknown}


   Skills:
 - Level 4.2 Fighting
 - Level 2.8 Dodging
 + Level 2.6 Stealth
 + Level 1.7 Shields
 * Level 5.4 Unarmed Combat


You had 5 spell levels left.
You didn't know any spells.
Your spell library contained the following spells:

 Spells                   Type           Power      Damage    Failure   Level
 Sting                    Tmut/Pois      0%         1d3       83%         1
 Corpse Rot               Necr/Air       0%         N/A       92%         2
 Poisonous Vapours        Pois/Air       0%         N/A       92%         2
 Stone Arrow              Conj/Erth      0%         3d7       99%         3
 Tukima's Dance           Hex            0%         N/A       99%         3
 Animate Armour           Summ/Erth      0%         N/A       100%        4
 Olgreb's Toxic Radiance  Pois           0%         N/A       100%        4
 Passage of Golubria      Tloc           0%         N/A       100%        4
 Yara's Violent Unravell  Hex/Tmut       0%         3d3       100%        5
 Lehudib's Crystal Spear  Conj/Erth      0%         10d2      100%        8


Dungeon Overview and Level Annotations

Branches:
Dungeon (5/15)             Temple (1/1) D:4

Altars:
Ashenzari
Dithmenos
Elyvilon
Kikubaaqudgha
Nemelex Xobeh
Okawaru
Qazlal
Sif Muna
Trog
Uskayaw
Vehumet
Wu Jian
Yredelemnul
Zin

Shops:
D:3 *

Annotations:
D:2 1 runed translucent door, Crazy Yiuf
D:3 3 runed translucent doors, exclusion: downstairs, maxonian's ghost, amateur DgAr
D:4 Grinder


Innate Abilities, Weirdness & Mutations

You are completely covered in rugged brown scales. (AC +3, +7% HP)
You have supernaturally acute eyesight. (SInv)
Armour fits poorly on your strangely shaped body.
You can roll at nearby foes to attack.
You have a long armoured tail.


Message History

The scorpion stings you.
You are too injured to fight recklessly!
You are too injured to fight recklessly!
You barely miss the scorpion.
Your tail-slap misses the scorpion.
The scorpion is severely wounded.
You feel sick. You block the scorpion's attack.
You hit the scorpion but do no damage.
The scorpion is severely wounded.
You feel sick.
You block the water moccasin zombie's attack.
The scorpion stings you but does no damage.
You hit the scorpion but do no damage.
The scorpion is severely wounded.
You feel sick.
You are no longer poisoned.
You block the water moccasin zombie's attack.
You block the scorpion's attack.
The water moccasin zombie bites you but does no damage.
You can no longer pass through a line of other dancers.
You barely miss the scorpion.
The scorpion is severely wounded.
The scorpion barely misses you.
The water moccasin zombie barely misses you.
You hit the scorpion but do no damage.
The scorpion is severely wounded.
The scorpion stings you.
* * * LOW HITPOINT WARNING * * *
The water moccasin zombie barely misses you.
You block the scorpion's attack.
You hit the scorpion.
The scorpion is almost dead.
You block the water moccasin zombie's attack.
The scorpion stings you.
* * * LOW HITPOINT WARNING * * *
You barely miss the scorpion.
The scorpion is almost dead.
The water moccasin zombie bites you.
* * * LOW HITPOINT WARNING * * *
The scorpion stings you!
You die...

.......................
...................###..
.....................#..
.....................#..
.....................#..
..........##.........##.
...................####.
.###..Z............#####
.......@###'''###..##...
..............s##8.....8##......
......#.......##.........##.....
......#......##...........##....
............##......#......##...
h..<......###.....#####.....##..
..........##.....## ##(....##.
..........#8....## ##....8#.
........s.#....## ##....#.


You could see a scorpion and a water moccasin zombie.

Vanquished Creatures
  An ogre (D:5)
  2 lemures (D:4)
  2 scorpions (D:4)
  2 hounds (D:5)
  Terence (D:1)
  A hound zombie (D:5)
  A howler monkey zombie (D:5)
  4 adders
  A shadow imp (D:5)
  An adder zombie (D:3)
  A worm (D:2)
  2 dart slugs
  7 orcs
  3 ball pythons (D:1)
  4 bats
  8 endoplasms
  3 giant cockroaches (D:1)
  8 hobgoblins
  5 jackals
  7 quokkas
  2 frilled lizards
  A giant cockroach zombie (D:3)
  5 goblins (D:1)
  4 kobolds
  4 rats
80 creatures vanquished.

Notes
Turn   | Place    | Note
-------+----------+-------------------------------------------
     0 | D:1      | Kenran the Palentonga Monk began the quest for the Orb.
     0 | D:1      | Reached XP level 1. HP: 19/19 MP: 1/1
   185 | D:1      | Reached XP level 2. HP: 17/25 MP: 2/2
   787 | D:1      | Reached XP level 3. HP: 26/31 MP: 3/3
  1173 | D:2      | Noticed Terence
  1191 | D:1      | HP: 1/31 [Terence/+2 flail of protection (11)]
  2243 | D:2      | Identified the +7 falchion "Dusofont" {drain, *Corrode
                  | rPois rN+ Will+}
  2268 | D:2      | Found a runed translucent door.
  2269 | D:2      | Noticed Crazy Yiuf
  2411 | D:3      | Reached XP level 4. HP: 35/37 MP: 4/4
  2763 | D:3      | Found a runed translucent gate.
  2763 | D:3      | Found a runed translucent gate.
  2763 | D:3      | Found a runed translucent gate.
  2763 | D:3      | Noticed maxonian's ghost (amateur DgAr)
  2766 | D:3      | Found a basalt altar of Yredelemnul.
  2851 | D:3      | Found Qomepali's General Store.
  2856 | D:3      | Bought a potion of curing for 42 gold pieces
  2938 | D:3      | Reached skill level 4 in Unarmed Combat
  3623 | D:1      | Killed Terence
  3864 | D:4      | Noticed a scorpion
  3951 | D:4      | Found a glowing silver altar of Zin.
  3971 | D:4      | Found a staircase to the Ecumenical Temple.
  3980 | Temple   | Entered the Ecumenical Temple
  4252 | Temple   | Became a worshipper of Uskayaw the Reveller
  4252 | Temple   | Reached * piety under Uskayaw
  4324 | D:4      | Noticed a scorpion
  4333 | D:4      | Reached ** piety under Uskayaw
  4336 | D:4      | Killed a scorpion
  4337 | D:4      | Reached XP level 5. HP: 42/44 MP: 1/5
  4407 | D:4      | Reached skill level 1 in Shields
  4602 | D:4      | Noticed a lemure
  4603 | D:4      | Noticed a lemure
  4603 | D:4      | Noticed Grinder
  4608 | D:4      | Noticed a lemure
  4609 | D:4      | Noticed a lemure
  4611 | D:4      | Killed a lemure
  4620 | D:4      | Killed a lemure
  4652 | D:5      | Entered Level 5 of the Dungeon
  4701 | D:5      | Reached XP level 6. HP: 51/51 MP: 6/6
  4865 | D:5      | Reached skill level 5 in Unarmed Combat
  5083 | D:5      | Found a broken altar of Ashenzari.
  5086 | D:5      | Found an ancient bone altar of Kikubaaqudgha.
  5088 | D:5      | Found a bloodstained altar of Trog.
  5120 | D:5      | Reached *** piety under Uskayaw
  5548 | D:5      | Slain by a scorpion

Illustrated notes

Levels and vault maps discovered:
D:1:      ncdulo_lavacross, layout_loops_ring, chequers_serial_rivers_micro_d
D:2:      layout_rooms, uniq_crazy_yiuf_cottage, uniq_terence
D:3:      layout_loops_ring, nicolae_yredelemnul_ghost_church, serial_shops,
          shop, st_stairs_12, grunt_decor_mini_mirrors, roderic_lattice_a,
          grunt_ministairs_2
D:4:      layout_rooms, lemuel_tele_altar, mainiacjoe_overflow_alcove_1,
          minmay_temple_entry_purple_smoke, uniq_grinder, uniq_pikel
D:5:      layout_basic, grunt_temple_overflow_open, minmay_splitting_lines,
          kennysheep_donut, chequers_serial_rivers_micro_e,
          kennysheep_crisscross
Temple:   compressed_dpeg_triangle_lava_temple

Skill      XL: |  1  2  3  4  5  6 |
---------------+-------------------+-----
Unarmed Combat | 4 5 |  5.4
Stealth        | 2 |  2.6
Fighting       | 4 |  4.2
Shields        | 1 |  1.7
Dodging        | |  2.8

Action                   |  1- 3 |  4- 6 || total
-------------------------+-------+-------++-------
Melee: Unarmed           |   165 |   184 ||   349
       Tailslap          |    22 |    28 ||    50
       Punch             |     4 |       ||     4
Invok: Stomp             |       |     2 ||     2
  Use: Potion            |     3 |     4 ||     7
       Scroll            |       |     3 ||     3
 Stab: Sleeping          |       |     3 ||     3
       Paralysed         |       |     1 ||     1
Armor: Robe              |     5 |       ||     5
       Ring mail         |    71 |    40 ||   111
Dodge: Dodged            |    78 |    62 ||   140
Block: Kite shield       |     8 |    71 ||    79
